 Dungeon Crawl Stone Soup version 0.30.0-29-ga12c61a403 (webtiles) character file.

Game seed: 6832515474468415743

26 7w4c the Shield-Bearer (level 2, -10/29 HPs)
             Began as a Troll Fighter on June 14, 2023.
             Mangled by a gnoll
             ... wielding a +0 flail
              (11 damage)
             ... on level 2 of the Dungeon.
             The game lasted 00:05:55 (854 turns).

7w4c the Shield-Bearer (Troll Fighter)               Turns: 854, Time: 00:05:57

Health: -10/29     AC:  4    Str: 23    XL:     2   Next: 89%
Magic:  1/1        EV:  8    Int:  4    God:
Gold:   30         SH:  7    Dex:  9    Spells: 1/1 levels left

rFire   . .          .
                       - Unarmed
rCold   . . .        b - +0 kite shield
rNeg    . . .        a - +0 robe
rPois   .            (helmet restricted)
rElec   .            (no cloak)
rCorr   .            (gloves unavailable)
SInv    .            (boots unavailable)
Will    .....        (no amulet)
Stlth   +            (no ring)
HPRegen 1.04/turn    (no ring)
MPRegen 0.07/turn

%: no passive effects
@: no status effects
A: large, unfitting armour, claws 3, regeneration 1, shaggy fur 1, tough skin 1
a: no special abilities


You were on level 2 of the Dungeon.
You visited 1 branch of the dungeon, and saw 2 of its levels.

You collected 30 gold pieces.

Inventory:

Armour
 a - a +0 robe (worn)
 b - a +0 kite shield (worn)
Scrolls
 d - 3 scrolls of vulnerability {unknown}
 e - a scroll of magic mapping {unknown}
 f - a scroll of identify {unknown}
Potions
 c - a potion of might


   Skills:
 + Level 2.7 Fighting
 + Level 2.7 Dodging
 + Level 3.0 Shields
 + Level 2.2 Unarmed Combat


You had one spell level left.
You didn't know any spells.
Your spell library contained the following spells:

 Spells                   Type           Power      Damage    Failure   Level
 Dazzling Flash           Conj/Hex       0%         N/A       98%         3
 Volatile Blastmotes      Fire/Tloc      0%         2d10      98%         3
 Iskenderun's Mystic Bla  Conj/Tloc      0%         2d3       100%        4
 Starburst                Conj/Fire      0%         6d3       100%        6


Dungeon Overview and Level Annotations

Branches:
Dungeon (2/15)

Altars:


Innate Abilities, Weirdness & Mutations

You are too large for most types of armour.
You have claws for hands.
Your natural rate of healing is unusually fast.
You are covered in fur. (AC +1)
You have tough skin. (AC +1)


Message History

You block the adder's attack. x2
You claw the adder!
You kill the adder!
Your Shields skill increases to level 3!
You see here a +0 leather armour.
A hobgoblin comes into view.
The hobgoblin shouts!
You scratch the hobgoblin.
You kill the hobgoblin!
You see here a hobgoblin corpse.
Found a stone staircase leading up.
You now have 30 gold pieces (gained 5).
A gnoll comes into view. It is wielding a +0 spear.
The gnoll shouts!
A gnoll comes into view. It is wielding a +0 flail.
The gnoll shouts!
A gnoll comes into view. It is wielding a +0 flail.
A gnoll comes into view. It is wielding a +0 halberd.
You block the gnoll's attack.
A ball python comes into view.
Found an escape hatch in the floor.
The gnoll shouts!
The gnoll hits you from afar with a +0 spear!
Found 14 gold pieces.
The gnoll hits you from afar with a +0 spear.
The gnoll attacks as you move away! You block the gnoll's attack.
Found a stone staircase leading down.
The gnoll hits you from afar with a +0 spear.
You closely miss the gnoll. You block the ball python's attack.
The gnoll hits you with a +0 flail. The gnoll barely misses you.
The gnoll hits you from afar with a +0 spear.
The gnoll hits you but does no damage. The ball python completely misses you.
You scratch the gnoll.
The gnoll is moderately wounded.
The gnoll hits you with a +0 flail.
* * * LOW HITPOINT WARNING * * *
The gnoll hits you from afar with a +0 spear.
* * * LOW HITPOINT WARNING * * *
The gnoll barely misses you. The gnoll hits you with a +0 flail!
You die...

..... #.#
.....###########.######
...........#..........
.............##.....#
..............#.....####
.......g.g.##.#.........
......Sg..<...#.....#
.......@g...........###.
.........#.#######.#....
.$>......#..........†###
#..#....................
........................
...###..............#...
... #..................
#> ..........[........
..##.#####.#...#


You could see 4 gnolls and a ball python.

Vanquished Creatures
  An adder (D:2)
  A ball python (D:1)
  A bat (D:1)
  2 endoplasms
  2 goblins (D:2)
  3 hobgoblins
  A frilled lizard (D:2)
  4 kobolds (D:1)
  2 rats
17 creatures vanquished.

Notes
Turn   | Place    | Note
-------+----------+-------------------------------------------
     0 | D:1      | 7w4c the Troll Fighter began the quest for the Orb.
     0 | D:1      | Reached XP level 1. HP: 22/22 MP: 0/0
   399 | D:1      | Reached XP level 2. HP: 29/29 MP: 1/1
   825 | D:2      | Reached skill level 3 in Shields
   854 | D:2      | HP: 1/29 [gnoll/+0 spear (5)]
   854 | D:2      | Mangled by a gnoll

Illustrated notes

Levels and vault maps discovered:
D:1:      dpeg_arrival_tiny_f, layout_loops_ring,
          chequers_serial_rivers_small_3, nrook_loot_triangle,
          amethyst_killhole, minivault_5, serial_bayou_pond_d
D:2:      layout_basic, serial_shops, shop_fountains, uniq_natasha, uniq_sigmund

Skill      XL: |  1  2 |
---------------+-------+-----
Shields        | 3 |  3.0
Fighting       | |  2.7
Dodging        | |  2.7
Unarmed Combat | |  2.2

Action                     || total
---------------------------++-------
  Melee: Unarmed           ||    50
 Armour: Robe              ||    18
  Dodge: Dodged            ||    28
  Block: Kite shield       ||    33
